AoeStats
← purry999

Arabia

510423941Analyzed
1v1 RM · 2d ago on Sep 30, 2026· 38m 12s· 2 players
Game mode
Random Map
Map size
Tiny (2 player)
Population
200
Speed
Normal
Resources
Standard
Victory
Conquest
Starting age
Dark Age
Ending age
Imperial Age
RankedLock teamsTeams togetherTeam positionsShared explorationLock speedFull tech treeHidden civsTurbo modeCheats
Victory
Defeat
🇨🇭 Vietnamese · Switzerland
972
+14
🇪🇸 Spanish · Spain
931
-14
ReynaldDeZureich
7:15 Loom
10:18 Feudal Age
11:08 Double-Bit Axe
11:05 Horse Collar
19:19 Castle Age
18:28 Gold Mining
20:36 Wheelbarrow
20:14 Bow Saw
20:07 Heavy Plow
21:12 Fletching
20:48 Crossbowman
22:37 Bodkin Arrow
27:25 Hand Cart
28:25 Thumb Ring
29:37 Squires
29:23 Arson
32:12 Imperial Age
29:13 Elite Skirmisher
30:47 Stone Mining
30:34 Pikeman
32:07 Padded Archer Armor
32:59 Bracer
34:04 Chemistry
33:26 Ballistics
33:43 Halberdier
34:30 Scale Mail Armor
35:32 Siege Engineers
35:24 Murder Holes
34:58 Arbalester
35:57 Imperial Skirmisher
37:25 Leather Archer Armor
39:19 Ring Archer Armor
purry999
9:33 Feudal Age
15:47 Castle Age
17:15 Double-Bit Axe
17:13 Horse Collar
21:34 Bow Saw
22:30 Heavy Plow
24:22 Wheelbarrow
24:06 Scale Barding Armor
24:18 Stone Mining
25:29 Gold Mining
26:37 Stone Shaft Mining
27:07 Hand Cart
28:22 Forging
29:04 Chain Barding Armor
32:51 Imperial Age
31:31 Iron Casting
32:06 Bloodlines
31:51 Fletching
32:23 Padded Archer Armor
32:53 Cavalier
34:11 Plate Barding Armor
34:49 Two-Man Saw
35:26 Blast Furnace
35:32 Conscription
36:00 Leather Archer Armor
36:55 Hoardings
Connection lost

Rejoining the realm…

Still unreachable

The connection could not be restored.

Session expired

The server has moved on; the page needs a fresh start.